 Dungeon Crawl Stone Soup version 0.31-a0-233-g139696dc86 (webtiles) character file.

Game seed: 887737628357245242

81 Nietzsche the Insei (level 4, -2/54 HPs)
             Began as a Draconian Transmuter on July 8, 2023.
             Succumbed to an orc wizard's poison
             ... on level 3 of the Dungeon.
             The game lasted 00:04:25 (2303 turns).

Nietzsche the Insei (Draconian Transmuter)          Turns: 2303, Time: 00:04:26

Health: -2/54      AC: 22    Str: 11 (12) XL:     4   Next: 19%
Magic:  7/7        EV:  2    Int: 14 (15) God:
Gold:   67         SH:  0    Dex: 11 (12) Spells: 6/7 levels left

rFire   . .          .
                       - Unarmed
rCold   . . .        (no shield)
rNeg    . . .        (body armour unavailable)
rPois   +            (helmet currently unavailable)
rElec   .            (cloak currently unavailable)
rCorr   .            (gloves currently unavailable)
SInv    .            (boots currently unavailable)
Will    .....        (no amulet)
Stlth   +            g - +4 ring of slaying
HPRegen 0.29/turn    (no ring)
MPRegen 0.10/turn

%: no passive effects
@: confused, lethally poisoned (-2 -> -16), tree-form, attractive
A: stationary, stasis, torment immunity, boosted hp, AC +5, unfitting armour,
(cold-blooded)
a: no special abilities


You were on level 3 of the Dungeon.
You were a tree.
You visited 1 branch of the dungeon, and saw 3 of its levels.

You collected 67 gold pieces.

Inventory:

Magical Staves
 h - a staff of death
Jewellery
 g - a +4 ring of slaying (left branch)
Wands
 k - a wand of iceblast (12)
Scrolls
 b - a scroll of immolation {unknown}
 c - 7 scrolls of identify {unknown}
 d - a scroll of vulnerability {unknown}
 e - a scroll of enchant armour {unknown}
 j - a scroll of noise {unknown}
Potions
 i - a potion of degeneration


   Skills:
 * Level 2.0 Fighting
 + Level 2.3 Dodging
 + Level 4.1 Unarmed Combat
 + Level 2.1 Spellcasting
 + Level 2.3 Transmutations


You had 6 spell levels left.
You knew the following spells:

 Your Spells              Type           Power      Damage    Failure   Level
a - Beastly Appendage     Tmut           14%        N/A       9%          1

Your spell library contained the following spells:

 Spells                   Type           Power      Damage    Failure   Level
 Wereblood                Tmut           7%         N/A       14%         2
 Blink                    Tloc           2%         N/A       34%         2
 Lesser Beckoning         Tloc           2%         N/A       34%         2
 Momentum Strike          Conj/Tloc      2%         3d8       34%         2
 Spider Form              Tmut/Pois      4%         N/A       41%         3
 Ice Form                 Ice/Tmut       4%         N/A       82%         4


Dungeon Overview and Level Annotations

Branches:
Dungeon (3/15)

Altars:
Makhleb
Ru
Wu Jian


Innate Abilities, Weirdness & Mutations

You are a tree.
Your roots penetrate the ground, keeping you stationary.
You cannot be teleported.
You are immune to unholy pain and torment.
Your maximum health is greatly increased.
Your equipment is partially melded.
((Your plain brown scales are hard. (AC +5)))
You cannot fit into any form of body armour.
((You are cold-blooded and may be slowed by cold attacks.))


Message History

You cannot move.
There are no items here.
There are no items here.
There are no items here.
There are no items here.
There are no items here.
There are no items here.
You hear some strange, mumbled words.
Something tries to affect you, but you resist.
You cannot move.
Something hits you but does no damage. Something hits you but does no damage.
Something hits you but does no damage. Something hits you but does no damage.
Something hits you but does no damage.
You are poisoned.
You feel sick. Something hits you but does no damage.
You are more poisoned.
You cannot move.
You cannot move.
You cannot move.
You cannot move.
You cannot move.
You cannot move.
* * * LOW HITPOINT WARNING * * *
You feel very sick. Something hits you but does no damage.
You are lethally poisoned!
* * * LOW HITPOINT WARNING * * *
You feel very sick.
You hear some strange, mumbled words.
You are confused.
* * * LOW HITPOINT WARNING * * *
You feel very sick. Something hits you but does no damage.
You are more poisoned.
* * * LOW HITPOINT WARNING * * *
You feel very sick. Something hits you but does no damage.
You die...

#.#.#.######. . ....#.#
##.##.## #.###.# ....#.#
#.###.# #.#... # ##
#.....# ##.#.[# .#[..
...#### #.....##..# ...#
# #........# ...#
#.##.(....#
...#####.......#♣#
.......####.####{# .
.......†.....#..o.......
.###...#.P####.#.#..!...
.♣ ######...P#...#......
.♣♣### #P##.P#... .....
.....# ###.####.. #####
.♣♣#.# ##P...P##.. .♣
#.###..~~~..##.#


You could see an orc priest.

Vanquished Creatures
  3 adders
  A worm (D:3)
  4 orcs (D:3)
  2 endoplasms
  3 goblins
  4 hobgoblins
  8 jackals
  4 quokkas
  A ball python (D:2)
  7 bats
  3 kobolds
  3 rats
43 creatures vanquished.

Notes
Turn   | Place    | Note
-------+----------+-------------------------------------------
     0 | D:1      | Nietzsche the Draconian Transmuter began the quest for the
                  | Orb.
     0 | D:1      | Reached XP level 1. HP: 16/16 MP: 3/3
   400 | D:1      | Reached XP level 2. HP: 22/23 MP: 5/5
  1150 | D:2      | Reached XP level 3. HP: 17/28 MP: 6/6
  1403 | D:2      | Identified the +4 dagger "Kyhetoeq" {protect, Fly rPois rC-
                  | Dex+2}
  1464 | D:2      | Found a burning altar of Makhleb.
  1742 | D:3      | Reached skill level 4 in Unarmed Combat
  1829 | D:3      | Found an ornate altar of the Wu Jian Council.
  1936 | D:3      | Found a sacrificial altar of Ru.
  2110 | D:3      | Reached XP level 4. HP: 32/36 MP: 7/7
  2249 | D:3      | Found a faded altar of an unknown god.
  2302 | D:3      | HP: 1/54 [poisoned by an orc wizard]
  2303 | D:3      | Succumbed to an orc wizard's poison

Illustrated notes

Levels and vault maps discovered:
D:1:      lightli_arrival_maybe_door_vault, layout_loops_corners,
          amcnicky_mini_pool_small
D:2:      layout_loops_ring, basic_altar
D:3:      layout_loops_cross, nicolae_ru_sacrificial_ziggurat,
          mainiacjoe_overflow_alcove_1,
          dreamdust_ecumenical_altar_hidden_monk_grotto,
          minmay_tree_intersection, minmay_misc_feat_diagonals

Skill      XL: |  1  2  3  4 |
---------------+-------------+-----
Dodging        | 2 |  2.3
Unarmed Combat | 4 |  4.1
Fighting       | 2 |  2.0
Spellcasting   | |  2.1
Transmutations | |  2.3

Action                     |  1- 3 |  4- 6 || total
---------------------------+-------+-------++-------
  Melee: Unarmed           |   133 |    25 ||   158
         Tailslap          |    14 |     3 ||    17
         Punch             |     4 |     1 ||     5
         Kick              |     1 |       ||     1
   Cast: Beastly Appendage |     1 |       ||     1
    Use: Potion            |       |     4 ||     4
 Armour: Skin              |    38 |    14 ||    52
  Dodge: Dodged            |   101 |    13 ||   114

Table legend: (Time is in decaauts)
 A = Elapsed time spent in this place.
 B = Non-inter-level travel time spent in this place.
 C = Inter-level travel time spent in this place.
 D = Time resting spent in this place.
 E = Time spent auto-exploring this place.
 F = Levels seen in this place.
 G = Mean time per level.
                   A        B        C        D        E       F      G
               +--------+--------+--------+--------+--------+-----+--------+
         Total |   2293 |   2212 |     81 |      0 |   1851 |   3 |  764.3 |
       Dungeon |   2293 |   2212 |     81 |      0 |   1851 |   3 |  764.3 |
               +--------+--------+--------+--------+--------+-----+--------+

Top non-repeatable levels by time:
     D:1: 898 daAuts
     D:2: 814 daAuts
     D:3: 581 daAuts
